Senators vs Panthers

Created - March 23 2012 at 19:47

Goals
1 2 3 OT1 SO T
Senators 2 1 0 0 1 4
Panthers 1 2 0 0 0 3
Shots
1 2 3 OT1 SO T
Senators 20 8 21 3 3 52
Panthers 9 11 4 1 3 25

Period #1

1. Senators , Jamie Benn 27 (John Tavares) at 10:42 (PP)
2. Panthers , Mike Komisarek 1 (Jason Blake, Ryan OByrne) at 13:57 (PP)
3. Senators , James Wisniewski 8 (Cory Stillman) at 14:54

Penalties :
Mike Komisarek (FLA) for Hooking (Minor) at 1:01, Dave Bolland (FLA) for Roughing (Minor) at 5:14, Andy Greene (FLA) for High sticking (Minor) at 10:40, Jeff Schultz (OTT) for Hooking (Minor) at 12:17

Period #2

4. Senators , Sidney Crosby 49 (Jeff Schultz) at 2:20
5. Panthers , Andrew Brunette 14 (Jason Blake, Jason Garrison) at 4:26
6. Panthers , Ryan OByrne 4 (Jonas Holos) at 5:12

Penalties :
Jamie Benn (OTT) for Boarding (Minor) at 0:08, Kevin Klein (OTT) for Slashing (Minor) at 8:03, Sidney Crosby (OTT) for Tripping (Minor) at 10:52, Mike Komisarek (FLA) for Fighting (Major) at 16:29, Sidney Crosby (OTT) for Fighting (Major) at 16:29

Period #3

No Goal

Penalties :
Daniel Alfredsson (FLA) for Interference (Minor) at 17:33

Overtime #1

No Goal

Penalties :
No Penalty

Shootout

Penalty Shot by Sidney Crosby for Senators - Stopped by Semyon Varlamov
Penalty Shot by Chris Drury for Panthers - Stopped by Carey Price
Penalty Shot by John Tavares for Senators - Goal!
Penalty Shot by Jason Blake for Panthers - Shot Misses the Net
Penalty Shot by Jason Spezza for Senators - Shot Misses the Net
Penalty Shot by Sergei Shirokov for Panthers - Stopped by Carey Price

Penalties :
No Penalty

Goalie Stats

Carey Price (OTT), 22 saves from 25 shots - (0.880), W, 39-18-5, 65:00 minutes
Semyon Varlamov (FLA), 49 saves from 52 shots - (0.942), OTL, 20-22-2, 65:00 minutes

Players Stats

Senators
Player Name              G  A  P  +/- PIM S  H  SB FO    MP 
------------------------------------------------------------
Adrian Aucoin            0  0  0  -2  0   2  0  1  0/0   20 
Brian Rafalski           0  0  0   1  0   1  1  0  0/0   21 
Brian Willsie            0  0  0   1  0   0  2  0  0/0   17 
Claude Giroux            0  0  0  -2  0   5  0  0  0/2   19 
Cory Stillman            0  1  1   1  0   2  3  0  0/1   15 
Daniel Winnik            0  0  0   0  0   0  0  0  0/0   4  
Dion Phaneuf             0  0  0  -2  0   2  3  0  0/0   25 
Henrik Zetterberg        0  0  0   1  0   4  2  1  0/2   20 
James Wisniewski         1  0  1   1  0   3  2  2  0/0   24 
Jamie Benn               1  0  1  -2  2   6  2  0  0/0   21 
Jason Spezza             0  0  0   1  0   9  0  2  20/36 22 
Jeff Schultz             0  1  1   1  2   0  2  0  0/0   23 
John Tavares             0  1  1  -2  0   7  1  0  19/28 22 
Kevin Klein              0  0  0   1  2   0  2  2  0/0   15 
Kristian Huselius        0  0  0   1  0   3  1  0  0/0   15 
Ryan Johnson             0  0  0   0  0   0  0  0  3/8   5  
Sidney Crosby            1  0  1   1  7   8  0  0  10/17 17 
Todd Marchant            0  0  0   0  0   0  0  0  1/2   6  
Panthers
Player Name              G  A  P  +/- PIM S  H  SB FO    MP 
------------------------------------------------------------
Andrew Brunette          1  0  1   2  0   2  0  0  3/7   21 
Andy Greene              0  0  0   1  2   1  0  0  0/0   17 
Chris Drury              0  0  0   0  0   0  0  0  14/29 22 
Daniel Alfredsson        0  0  0  -2  2   1  0  0  0/0   21 
Dave Bolland             0  0  0  -2  2   3  0  0  13/26 21 
Jason Blake              0  2  2   1  0   1  1  0  4/7   13 
Jason Garrison           0  1  1   0  0   3  3  0  0/0   26 
Jiri Hudler              0  0  0   0  0   1  0  0  1/1   13 
Johnny Oduya             0  0  0  -1  0   0  1  1  0/0   14 
Jonas Holos              0  1  1   1  0   0  0  0  0/0   26 
Kyle Quincey             0  0  0   0  0   0  0  0  0/0   0  
Lee Stempniak            0  0  0   0  0   0  1  2  0/2   12 
Matt Cullen              0  0  0   0  0   0  0  0  0/0   0  
Mike Komisarek           1  0  1  -2  7   2  4  0  0/0   22 
Ryan OByrne              1  1  2   1  0   1  4  1  0/0   25 
Ryan Smyth               0  0  0  -2  0   5  1  0  0/1   20 
Sam Gagner               0  0  0   1  0   4  0  1  2/6   20 
Sergei Shirokov          0  0  0   2  0   1  1  0  6/17  22 

3 Stars

1 - Ryan OByrne (FLA)
2 - James Wisniewski (OTT)
3 - Andrew Brunette (FLA)

Power Play

Senators - 1 on 4 Attempt(s) - 25.00%
Panthers - 1 on 4 Attempt(s) - 25.00%

Penalty Kill

Senators - 3 on 4 Attempt(s) - 75.00% - Score 0 goal in Penalty Kill
Panthers - 3 on 4 Attempt(s) - 75.00% - Score 0 goal in Penalty Kill

Game Notes

Sidney Crosby beats up Mike Komisarek at 16:29 of 2nd period

Finance

Level 1 -- Attendance: 5986 (99.77%) -- Ticket Income $419,020.00
Level 2 -- Attendance: 5000 (100.00%) -- Ticket Income $150,000.00
Level 3 -- Attendance: 3500 (100.00%) -- Ticket Income $70,000.00
Level 4 -- Attendance: 2871 (76.56%) -- Ticket Income $28,710.00
Luxury Box -- Attendance: 1000 (100.00%) -- Ticket Income $150,000.00
Game was played at the BankAtlantic Center
Total Attendance: 18357 (95.36%)
Total Ticket Income: $825,910.80
Other Income: $184,548.60
Total Income: $1,010,460.00


Play by Play

Period #1

0:01 of 1st period - John Tavares wins face-off versus Dave Bolland in neutral zone.
0:03 of 1st period - Jamie Benn is hit by Mike Komisarek and loses puck.
0:11 of 1st period - Claude Giroux is hit by Jason Garrison and loses puck.
1:01 of 1st period - Minor Penalty to Mike Komisarek for Hooking.
1:02 of 1st period - Jason Spezza wins face-off versus Andrew Brunette in Panthers zone.
1:14 of 1st period - Icing by Claude Giroux.
1:15 of 1st period - Chris Drury wins face-off versus Jason Spezza in Senators zone.
2:01 of 1st period - Shot by Jamie Benn.
2:01 of 1st period - Stopped by Semyon Varlamov without a rebound.
2:02 of 1st period - John Tavares wins face-off versus Jason Blake in Panthers zone.
2:51 of 1st period - Shot by Sidney Crosby.
2:51 of 1st period - Stopped by Semyon Varlamov without a rebound.
2:52 of 1st period - Sam Gagner wins face-off versus Jason Spezza in Panthers zone.
3:13 of 1st period - Shot by Jason Spezza.
3:13 of 1st period - Stopped by Semyon Varlamov without a rebound.
3:14 of 1st period - Sidney Crosby wins face-off versus Dave Bolland in Panthers zone.
3:39 of 1st period - Shot by Ryan Smyth.
3:39 of 1st period - Stopped by Carey Price without a rebound.
3:40 of 1st period - John Tavares wins face-off versus Sergei Shirokov in Senators zone.
3:49 of 1st period - Shot by Jamie Benn.
3:49 of 1st period - Stopped by Semyon Varlamov without a rebound.
3:50 of 1st period - Jason Spezza wins face-off versus Chris Drury in Panthers zone.
3:53 of 1st period - Shot by James Wisniewski.
3:53 of 1st period - Stopped by Semyon Varlamov without a rebound.
3:54 of 1st period - Jason Spezza wins face-off versus Chris Drury in Panthers zone.
3:55 of 1st period - Shot by Kristian Huselius.
3:55 of 1st period - Deflect By Jason Spezza.
3:55 of 1st period - Stopped by Semyon Varlamov without a rebound.
3:56 of 1st period - John Tavares wins face-off versus Sergei Shirokov in Panthers zone.
3:57 of 1st period - Shot by Claude Giroux.
3:57 of 1st period - Stopped by Semyon Varlamov without a rebound.
3:58 of 1st period - Sergei Shirokov wins face-off versus Jason Spezza in Panthers zone.
4:12 of 1st period - Andrew Brunette is hit by Jeff Schultz and loses puck.
4:29 of 1st period - Shot by Jason Spezza.
4:29 of 1st period - Stopped by Semyon Varlamov without a rebound.
4:30 of 1st period - John Tavares wins face-off versus Dave Bolland in Panthers zone.
4:31 of 1st period - Shot by Dion Phaneuf.
4:31 of 1st period - Shot Misses the Net.
5:14 of 1st period - Minor Penalty to Dave Bolland for Roughing.
5:15 of 1st period - Chris Drury wins face-off versus Jason Spezza in Panthers zone.
5:25 of 1st period - Henrik Zetterberg is hit by Ryan OByrne and loses puck.
5:42 of 1st period - Shot by Jason Spezza.
5:42 of 1st period - Stopped by Semyon Varlamov with a rebound.
6:21 of 1st period - Jason Blake is hit by Jamie Benn and loses puck.
6:41 of 1st period - Icing by Jason Spezza.
6:42 of 1st period - Jason Spezza wins face-off versus Chris Drury in Senators zone.
7:25 of 1st period - Shot by Kristian Huselius.
7:25 of 1st period - Stopped by Semyon Varlamov with a rebound.
7:29 of 1st period - Shot by Sidney Crosby.
7:29 of 1st period - Stopped by Semyon Varlamov without a rebound.
7:30 of 1st period - Jiri Hudler wins face-off versus John Tavares in Panthers zone.
7:35 of 1st period - Shot by John Tavares.
7:35 of 1st period - Stopped by Semyon Varlamov without a rebound.
7:36 of 1st period - Dave Bolland wins face-off versus Jason Spezza in Panthers zone.
7:47 of 1st period - Shot by Ryan Smyth.
7:47 of 1st period - Stopped by Carey Price without a rebound.
7:48 of 1st period - Sam Gagner wins face-off versus Claude Giroux in Senators zone.
7:59 of 1st period - Shot by Sam Gagner.
7:59 of 1st period - Deflect By Andrew Brunette.
7:59 of 1st period - Shot Misses the Net.
8:33 of 1st period - Icing by Jason Garrison.
8:34 of 1st period - Sidney Crosby wins face-off versus Dave Bolland in Panthers zone.
8:43 of 1st period - Shot by Sidney Crosby.
8:43 of 1st period - Stopped by Semyon Varlamov without a rebound.
8:44 of 1st period - Chris Drury wins face-off versus Jason Spezza in Panthers zone.
9:27 of 1st period - Shot by Dave Bolland.
9:27 of 1st period - Shot Misses the Net.
10:18 of 1st period - Sidney Crosby is hit by Johnny Oduya and loses puck.
10:40 of 1st period - Minor Penalty to Andy Greene for High sticking.
10:41 of 1st period - John Tavares wins face-off versus Chris Drury in Panthers zone.
10:42 of 1st period - Shot by Jamie Benn.
10:42 of 1st period - Goal by Jamie Benn - Senators : 1 - Panthers : 0.
10:43 of 1st period - John Tavares wins face-off versus Chris Drury in neutral zone.
12:00 of 1st period - Shot by Sidney Crosby.
12:00 of 1st period - Stopped by Semyon Varlamov without a rebound.
12:01 of 1st period - Dave Bolland wins face-off versus Jason Spezza in Panthers zone.
12:17 of 1st period - Minor Penalty to Jeff Schultz for Hooking.
12:18 of 1st period - Jason Blake wins face-off versus Ryan Johnson in Senators zone.
12:35 of 1st period - Shot by Sam Gagner.
12:35 of 1st period - Stopped by Carey Price without a rebound.
12:36 of 1st period - Ryan Johnson wins face-off versus Sergei Shirokov in Senators zone.
12:45 of 1st period - Shot by Jason Garrison.
12:45 of 1st period - Stopped by Carey Price without a rebound.
12:46 of 1st period - Jason Blake wins face-off versus Ryan Johnson in Senators zone.
12:51 of 1st period - Shot by Sam Gagner.
12:51 of 1st period - Stopped by Carey Price with a rebound.
12:55 of 1st period - Shot by Sam Gagner.
12:55 of 1st period - Stopped by Carey Price without a rebound.
12:56 of 1st period - Todd Marchant wins face-off versus Chris Drury in Senators zone.
12:56 of 1st period - Todd Marchant is hit by Sergei Shirokov.
13:57 of 1st period - Shot by Mike Komisarek.
13:57 of 1st period - Goal by Mike Komisarek - Senators : 1 - Panthers : 1.
13:58 of 1st period - Jason Spezza wins face-off versus Dave Bolland in neutral zone.
14:03 of 1st period - Shot by Cory Stillman.
14:03 of 1st period - Stopped by Semyon Varlamov without a rebound.
14:04 of 1st period - Dave Bolland wins face-off versus Sidney Crosby in Panthers zone.
14:54 of 1st period - Shot by James Wisniewski.
14:54 of 1st period - Goal by James Wisniewski - Senators : 2 - Panthers : 1.
14:55 of 1st period - John Tavares wins face-off versus Jason Blake in neutral zone.
15:06 of 1st period - Shot by Jamie Benn.
15:06 of 1st period - Stopped by Semyon Varlamov with a rebound.
15:15 of 1st period - Ryan OByrne is hit by Dion Phaneuf and loses puck.
15:21 of 1st period - Shot by Lee Stempniak.
15:21 of 1st period - Shot Misses the Net.
15:49 of 1st period - Shot by Jason Garrison.
15:49 of 1st period - Stopped by Carey Price without a rebound.
15:50 of 1st period - Jason Spezza wins face-off versus Ryan Smyth in Senators zone.
15:59 of 1st period - Shot by James Wisniewski.
15:59 of 1st period - Stopped by Semyon Varlamov without a rebound.
16:00 of 1st period - Jason Spezza wins face-off versus Sergei Shirokov in Panthers zone.
16:35 of 1st period - Icing by Ryan OByrne.
16:36 of 1st period - Sergei Shirokov wins face-off versus Henrik Zetterberg in Panthers zone.
17:12 of 1st period - Sidney Crosby is hit by Mike Komisarek and loses puck.
18:19 of 1st period - Off-side.
18:20 of 1st period - Sergei Shirokov wins face-off versus Jason Spezza in neutral zone.
18:31 of 1st period - Shot by Andrew Brunette.
18:31 of 1st period - Stopped by Carey Price without a rebound.
18:32 of 1st period - Dave Bolland wins face-off versus Sidney Crosby in Senators zone.
18:32 of 1st period - Ryan Smyth is hit by Kevin Klein and loses puck.
18:39 of 1st period - Shot by Sidney Crosby.
18:39 of 1st period - Stopped by Semyon Varlamov without a rebound.
18:40 of 1st period - Dave Bolland wins face-off versus Jason Spezza in Panthers zone.
18:44 of 1st period - Icing by Ryan Smyth.
18:45 of 1st period - Jason Spezza wins face-off versus Dave Bolland in Panthers zone.
19:34 of 1st period - Jonas Holos is hit by Kevin Klein and loses puck.
19:37 of 1st period - Shot by Sergei Shirokov.
19:37 of 1st period - Shot Misses the Net.
19:39 of 1st period - Shot by Andrew Brunette.
19:39 of 1st period - Shot Blocked by Kevin Klein.
19:43 of 1st period - Shot by Sam Gagner.
19:43 of 1st period - Shot Misses the Net.
19:51 of 1st period - Ryan OByrne is hit by Brian Willsie and loses puck.

Period #2

0:01 of 2nd period - John Tavares wins face-off versus Dave Bolland in neutral zone.
0:01 of 2nd period - John Tavares is hit by Ryan Smyth.
0:08 of 2nd period - Minor Penalty to Jamie Benn for Boarding.
0:09 of 2nd period - Chris Drury wins face-off versus Ryan Johnson in Senators zone.
0:37 of 2nd period - Shot by Jonas Holos.
0:37 of 2nd period - Shot Blocked by James Wisniewski.
0:41 of 2nd period - Shot by Chris Drury.
0:41 of 2nd period - Deflect By Jason Blake.
0:41 of 2nd period - Stopped by Carey Price without a rebound.
0:42 of 2nd period - Chris Drury wins face-off versus Todd Marchant in Senators zone.
1:30 of 2nd period - Icing by Jason Blake.
1:31 of 2nd period - Ryan Johnson wins face-off versus Andrew Brunette in Panthers zone.
2:20 of 2nd period - Shot by Sidney Crosby.
2:20 of 2nd period - Goal by Sidney Crosby - Senators : 3 - Panthers : 1.
2:21 of 2nd period - Chris Drury wins face-off versus John Tavares in neutral zone.
2:23 of 2nd period - Off-side.
2:24 of 2nd period - Sidney Crosby wins face-off versus Lee Stempniak in neutral zone.
4:11 of 2nd period - Sam Gagner is hit by Dion Phaneuf and loses puck.
4:14 of 2nd period - Shot by Andy Greene.
4:14 of 2nd period - Stopped by Carey Price without a rebound.
4:15 of 2nd period - Andrew Brunette wins face-off versus Claude Giroux in Senators zone.
4:26 of 2nd period - Shot by Jason Blake.
4:26 of 2nd period - Deflect By Andrew Brunette.
4:26 of 2nd period - Goal by Andrew Brunette - Senators : 3 - Panthers : 2.
4:27 of 2nd period - Sidney Crosby wins face-off versus Dave Bolland in neutral zone.
4:30 of 2nd period - Jason Garrison is hit by Henrik Zetterberg and loses puck.
4:45 of 2nd period - Shot by Sidney Crosby.
4:45 of 2nd period - Deflect By Henrik Zetterberg.
4:45 of 2nd period - Stopped by Semyon Varlamov without a rebound.
4:46 of 2nd period - John Tavares wins face-off versus Sergei Shirokov in Panthers zone.
5:12 of 2nd period - Shot by Ryan OByrne.
5:12 of 2nd period - Goal by Ryan OByrne - Senators : 3 - Panthers : 3.
5:13 of 2nd period - Dave Bolland wins face-off versus Sidney Crosby in neutral zone.
5:23 of 2nd period - Shot by Daniel Alfredsson.
5:23 of 2nd period - Deflect By Dave Bolland.
5:23 of 2nd period - Stopped by Carey Price with a rebound.
5:27 of 2nd period - Shot by Ryan Smyth.
5:27 of 2nd period - Shot Blocked by Kevin Klein.
5:32 of 2nd period - Daniel Alfredsson is hit by Brian Rafalski and loses puck.
5:35 of 2nd period - Shot by Daniel Alfredsson.
5:35 of 2nd period - Stopped by Carey Price without a rebound.
5:36 of 2nd period - Jason Spezza wins face-off versus Chris Drury in Senators zone.
5:36 of 2nd period - Jason Spezza is hit by Lee Stempniak.
5:44 of 2nd period - Icing by Andy Greene.
5:45 of 2nd period - Chris Drury wins face-off versus John Tavares in Panthers zone.
6:12 of 2nd period - Shot by John Tavares.
6:12 of 2nd period - Shot Misses the Net.
6:16 of 2nd period - Shot by John Tavares.
6:16 of 2nd period - Shot Misses the Net.
6:18 of 2nd period - Shot by Claude Giroux.
6:18 of 2nd period - Stopped by Semyon Varlamov without a rebound.
6:19 of 2nd period - Jason Spezza wins face-off versus Sergei Shirokov in Panthers zone.
7:01 of 2nd period - Shot by Jason Spezza.
7:01 of 2nd period - Shot Misses the Net.
7:41 of 2nd period - Sidney Crosby is hit by Jason Garrison and loses puck.
8:03 of 2nd period - Minor Penalty to Kevin Klein for Slashing.
8:04 of 2nd period - Chris Drury wins face-off versus Ryan Johnson in Senators zone.
9:03 of 2nd period - Shot by Jiri Hudler.
9:03 of 2nd period - Shot Blocked by James Wisniewski.
9:05 of 2nd period - Shot by Jason Garrison.
9:05 of 2nd period - Stopped by Carey Price without a rebound.
9:06 of 2nd period - Chris Drury wins face-off versus Sidney Crosby in Senators zone.
9:21 of 2nd period - Shot by Jason Blake.
9:21 of 2nd period - Deflect By Sergei Shirokov.
9:21 of 2nd period - Stopped by Carey Price with a rebound.
10:11 of 2nd period - Shot by Henrik Zetterberg.
10:11 of 2nd period - Stopped by Semyon Varlamov without a rebound.
10:12 of 2nd period - Dave Bolland wins face-off versus John Tavares in Panthers zone.
10:52 of 2nd period - Minor Penalty to Sidney Crosby for Tripping.
10:53 of 2nd period - Andrew Brunette wins face-off versus Ryan Johnson in Senators zone.
11:55 of 2nd period - Sam Gagner is hit by Jeff Schultz and loses puck.
12:02 of 2nd period - Shot by Jason Blake.
12:02 of 2nd period - Shot Misses the Net.
12:26 of 2nd period - Shot by Mike Komisarek.
12:26 of 2nd period - Shot Misses the Net.
12:28 of 2nd period - Shot by Jiri Hudler.
12:28 of 2nd period - Stopped by Carey Price without a rebound.
12:29 of 2nd period - Ryan Johnson wins face-off versus Andrew Brunette in Senators zone.
12:42 of 2nd period - Shot by Ryan Smyth.
12:42 of 2nd period - Stopped by Carey Price without a rebound.
12:43 of 2nd period - John Tavares wins face-off versus Chris Drury in Senators zone.
13:10 of 2nd period - Shot by Dave Bolland.
13:10 of 2nd period - Deflect By Ryan Smyth.
13:10 of 2nd period - Stopped by Carey Price without a rebound.
13:11 of 2nd period - Chris Drury wins face-off versus John Tavares in Senators zone.
13:11 of 2nd period - Jiri Hudler is hit by Dion Phaneuf and loses puck.
14:14 of 2nd period - Shot by Sidney Crosby.
14:14 of 2nd period - Stopped by Semyon Varlamov without a rebound.
14:15 of 2nd period - Dave Bolland wins face-off versus Jason Spezza in Panthers zone.
14:17 of 2nd period - Ryan Smyth is hit by Cory Stillman and loses puck.
14:33 of 2nd period - Cory Stillman is hit by Mike Komisarek and loses puck.
14:52 of 2nd period - Shot by Kristian Huselius.
14:52 of 2nd period - Shot Misses the Net.
14:54 of 2nd period - Shot by Cory Stillman.
14:54 of 2nd period - Stopped by Semyon Varlamov without a rebound.
14:55 of 2nd period - Sergei Shirokov wins face-off versus Sidney Crosby in Panthers zone.
14:55 of 2nd period - Sergei Shirokov is hit by Brian Willsie.
15:08 of 2nd period - Shot by Brian Rafalski.
15:08 of 2nd period - Stopped by Semyon Varlamov without a rebound.
15:09 of 2nd period - John Tavares wins face-off versus Sergei Shirokov in Panthers zone.
15:14 of 2nd period - Shot by John Tavares.
15:14 of 2nd period - Shot Misses the Net.
16:29 of 2nd period - Sidney Crosby beats up Mike Komisarek.
16:29 of 2nd period - Penalty to Mike Komisarek for Fighting.
16:29 of 2nd period - Penalty to Sidney Crosby for Fighting.
16:30 of 2nd period - Jason Spezza wins face-off versus Lee Stempniak in Senators zone.
16:57 of 2nd period - Shot by Jason Spezza.
16:57 of 2nd period - Stopped by Semyon Varlamov with a rebound.
17:07 of 2nd period - Shot by Kristian Huselius.
17:07 of 2nd period - Shot Misses the Net.
17:09 of 2nd period - Shot by Jason Spezza.
17:09 of 2nd period - Shot Blocked by Lee Stempniak.
17:52 of 2nd period - Shot by Andrew Brunette.
17:52 of 2nd period - Shot Misses the Net.
19:54 of 2nd period - Shot by Jiri Hudler.
19:54 of 2nd period - Shot Blocked by Adrian Aucoin.

Period #3

0:01 of 3rd period - Dave Bolland wins face-off versus John Tavares in neutral zone.
1:27 of 3rd period - Shot by Henrik Zetterberg.
1:27 of 3rd period - Stopped by Semyon Varlamov with a rebound.
2:17 of 3rd period - Icing by Jeff Schultz.
2:18 of 3rd period - Sidney Crosby wins face-off versus Chris Drury in Senators zone.
2:20 of 3rd period - Icing by Cory Stillman.
2:21 of 3rd period - Chris Drury wins face-off versus Cory Stillman in Senators zone.
2:35 of 3rd period - Jiri Hudler is hit by Kristian Huselius and loses puck.
2:40 of 3rd period - Shot by Kristian Huselius.
2:40 of 3rd period - Shot Blocked by Lee Stempniak.
2:50 of 3rd period - Shot by Sidney Crosby.
2:50 of 3rd period - Stopped by Semyon Varlamov with a rebound.
3:14 of 3rd period - Shot by Claude Giroux.
3:14 of 3rd period - Stopped by Semyon Varlamov with a rebound.
3:16 of 3rd period - Shot by Dion Phaneuf.
3:16 of 3rd period - Stopped by Semyon Varlamov without a rebound.
3:17 of 3rd period - John Tavares wins face-off versus Sam Gagner in Panthers zone.
3:20 of 3rd period - Shot by Jamie Benn.
3:20 of 3rd period - Shot Blocked by Johnny Oduya.
3:22 of 3rd period - Shot by Adrian Aucoin.
3:22 of 3rd period - Stopped by Semyon Varlamov with a rebound.
3:24 of 3rd period - Shot by John Tavares.
3:24 of 3rd period - Stopped by Semyon Varlamov without a rebound.
3:25 of 3rd period - Andrew Brunette wins face-off versus Sidney Crosby in Panthers zone.
3:36 of 3rd period - Shot by Andrew Brunette.
3:36 of 3rd period - Shot Misses the Net.
3:41 of 3rd period - Icing by Brian Rafalski.
3:42 of 3rd period - Dave Bolland wins face-off versus Sidney Crosby in Senators zone.
3:53 of 3rd period - Shot by Ryan Smyth.
3:53 of 3rd period - Shot Blocked by Henrik Zetterberg.
4:34 of 3rd period - Icing by Dave Bolland.
4:35 of 3rd period - Jason Spezza wins face-off versus Dave Bolland in Panthers zone.
4:37 of 3rd period - Cory Stillman is hit by Mike Komisarek and loses puck.
4:50 of 3rd period - Shot by Jason Spezza.
4:50 of 3rd period - Stopped by Semyon Varlamov without a rebound.
4:51 of 3rd period - Chris Drury wins face-off versus Jason Spezza in Panthers zone.
4:51 of 3rd period - Chris Drury is hit by James Wisniewski.
5:11 of 3rd period - Jeff Schultz is hit by Jason Garrison and loses puck.
6:02 of 3rd period - Shot by John Tavares.
6:02 of 3rd period - Stopped by Semyon Varlamov without a rebound.
6:03 of 3rd period - Sidney Crosby wins face-off versus Sergei Shirokov in Panthers zone.
6:07 of 3rd period - Sidney Crosby is hit by Ryan OByrne and loses puck.
7:11 of 3rd period - Dave Bolland is hit by Jamie Benn and loses puck.
8:50 of 3rd period - Shot by Jason Spezza.
8:50 of 3rd period - Shot Blocked by Sam Gagner.
9:18 of 3rd period - Shot by Sidney Crosby.
9:18 of 3rd period - Shot Misses the Net.
9:22 of 3rd period - Shot by Henrik Zetterberg.
9:22 of 3rd period - Shot Misses the Net.
9:24 of 3rd period - Shot by Kevin Klein.
9:24 of 3rd period - Shot Misses the Net.
10:00 of 3rd period - Shot by John Tavares.
10:00 of 3rd period - Shot Misses the Net.
10:02 of 3rd period - Shot by John Tavares.
10:02 of 3rd period - Stopped by Semyon Varlamov without a rebound.
10:03 of 3rd period - Dave Bolland wins face-off versus Jason Spezza in Panthers zone.
10:13 of 3rd period - Icing by James Wisniewski.
10:14 of 3rd period - Dave Bolland wins face-off versus Jason Spezza in Senators zone.
10:16 of 3rd period - Ryan Smyth is hit by James Wisniewski and loses puck.
10:27 of 3rd period - Shot by Jason Garrison.
10:27 of 3rd period - Shot Blocked by Jason Spezza.
10:31 of 3rd period - Shot by Dave Bolland.
10:31 of 3rd period - Stopped by Carey Price without a rebound.
10:32 of 3rd period - Sidney Crosby wins face-off versus Dave Bolland in Senators zone.
10:39 of 3rd period - Daniel Alfredsson is hit by Henrik Zetterberg and loses puck.
11:01 of 3rd period - Shot by Daniel Alfredsson.
11:01 of 3rd period - Shot Misses the Net.
11:57 of 3rd period - Shot by Dave Bolland.
11:57 of 3rd period - Stopped by Carey Price without a rebound.
11:58 of 3rd period - Jason Spezza wins face-off versus Sam Gagner in Senators zone.
12:03 of 3rd period - Johnny Oduya is hit by Cory Stillman and loses puck.
12:20 of 3rd period - Jeff Schultz is hit by Jason Blake and loses puck.
12:31 of 3rd period - Shot by Jason Spezza.
12:31 of 3rd period - Stopped by Semyon Varlamov without a rebound.
12:32 of 3rd period - Sidney Crosby wins face-off versus Dave Bolland in Panthers zone.
12:43 of 3rd period - Shot by Dave Bolland.
12:43 of 3rd period - Deflect By Ryan Smyth.
12:43 of 3rd period - Stopped by Carey Price with a rebound.
13:57 of 3rd period - Shot by Claude Giroux.
13:57 of 3rd period - Stopped by Semyon Varlamov with a rebound.
14:01 of 3rd period - Shot by John Tavares.
14:01 of 3rd period - Deflect By Claude Giroux.
14:01 of 3rd period - Stopped by Semyon Varlamov with a rebound.
14:03 of 3rd period - Shot by John Tavares.
14:03 of 3rd period - Stopped by Semyon Varlamov without a rebound.
14:04 of 3rd period - Jason Spezza wins face-off versus Sergei Shirokov in Panthers zone.
14:04 of 3rd period - Jason Spezza is hit by Ryan OByrne.
14:06 of 3rd period - Shot by Kristian Huselius.
14:06 of 3rd period - Stopped by Semyon Varlamov without a rebound.
14:07 of 3rd period - Jason Spezza wins face-off versus Sergei Shirokov in Panthers zone.
14:28 of 3rd period - Shot by Jason Spezza.
14:28 of 3rd period - Stopped by Semyon Varlamov with a rebound.
14:32 of 3rd period - Shot by Jason Spezza.
14:32 of 3rd period - Stopped by Semyon Varlamov without a rebound.
14:33 of 3rd period - Sidney Crosby wins face-off versus Chris Drury in Panthers zone.
15:13 of 3rd period - Icing by Brian Rafalski.
15:14 of 3rd period - Sidney Crosby wins face-off versus Dave Bolland in Senators zone.
15:37 of 3rd period - Shot by Kristian Huselius.
15:37 of 3rd period - Stopped by Semyon Varlamov without a rebound.
15:38 of 3rd period - John Tavares wins face-off versus Dave Bolland in Panthers zone.
15:47 of 3rd period - Shot by Claude Giroux.
15:47 of 3rd period - Shot Misses the Net.
16:15 of 3rd period - Shot by Jamie Benn.
16:15 of 3rd period - Stopped by Semyon Varlamov without a rebound.
16:16 of 3rd period - Jason Spezza wins face-off versus Sergei Shirokov in Panthers zone.
16:20 of 3rd period - Icing by Ryan OByrne.
16:21 of 3rd period - Sergei Shirokov wins face-off versus Jason Spezza in Panthers zone.
16:26 of 3rd period - Shot by Sam Gagner.
16:26 of 3rd period - Stopped by Carey Price without a rebound.
16:27 of 3rd period - Sergei Shirokov wins face-off versus Henrik Zetterberg in Senators zone.
16:28 of 3rd period - Shot by Andy Greene.
16:28 of 3rd period - Shot Misses the Net.
16:44 of 3rd period - Shot by Henrik Zetterberg.
16:44 of 3rd period - Stopped by Semyon Varlamov without a rebound.
16:45 of 3rd period - Chris Drury wins face-off versus Jason Spezza in Panthers zone.
16:45 of 3rd period - Chris Drury is hit by Cory Stillman.
17:33 of 3rd period - Minor Penalty to Daniel Alfredsson for Interference.
17:34 of 3rd period - John Tavares wins face-off versus Chris Drury in Panthers zone.
17:47 of 3rd period - Shot by Brian Rafalski.
17:47 of 3rd period - Shot Hit the Post.
17:51 of 3rd period - Shot by Jamie Benn.
17:51 of 3rd period - Shot Misses the Net.
17:53 of 3rd period - Shot by John Tavares.
17:53 of 3rd period - Shot Blocked by Ryan OByrne.
17:55 of 3rd period - Shot by John Tavares.
17:55 of 3rd period - Shot Misses the Net.
17:59 of 3rd period - Shot by John Tavares.
17:59 of 3rd period - Shot Misses the Net.
18:42 of 3rd period - Henrik Zetterberg is hit by Ryan OByrne and loses puck.
19:04 of 3rd period - Icing by Adrian Aucoin.
19:05 of 3rd period - John Tavares wins face-off versus Chris Drury in Senators zone.
19:12 of 3rd period - Shot by Dion Phaneuf.
19:12 of 3rd period - Stopped by Semyon Varlamov without a rebound.
19:13 of 3rd period - Jason Spezza wins face-off versus Chris Drury in Panthers zone.
19:24 of 3rd period - Shot by Jason Spezza.
19:24 of 3rd period - Shot Misses the Net.
19:26 of 3rd period - Shot by Adrian Aucoin.
19:26 of 3rd period - Stopped by Semyon Varlamov without a rebound.
19:27 of 3rd period - John Tavares wins face-off versus Andrew Brunette in Panthers zone.
19:35 of 3rd period - Icing by Jamie Benn.
19:36 of 3rd period - Dave Bolland wins face-off versus John Tavares in Senators zone.

Overtime #1

0:01 of 1st overtime period - John Tavares wins face-off versus Chris Drury in neutral zone.
0:14 of 1st overtime period - Shot by John Tavares.
0:14 of 1st overtime period - Stopped by Semyon Varlamov without a rebound.
0:15 of 1st overtime period - Chris Drury wins face-off versus Jason Spezza in Panthers zone.
0:30 of 1st overtime period - Shot by Andrew Brunette.
0:30 of 1st overtime period - Shot Blocked by Jason Spezza.
1:24 of 1st overtime period - Shot by Jamie Benn.
1:24 of 1st overtime period - Shot Hit the Post.
1:47 of 1st overtime period - Shot by Jason Blake.
1:47 of 1st overtime period - Shot Misses the Net.
1:49 of 1st overtime period - Shot by Mike Komisarek.
1:49 of 1st overtime period - Stopped by Carey Price without a rebound.
1:50 of 1st overtime period - Jason Spezza wins face-off versus Sam Gagner in Senators zone.
1:54 of 1st overtime period - Off-side.
1:55 of 1st overtime period - Jason Spezza wins face-off versus Sam Gagner in neutral zone.
2:56 of 1st overtime period - Shot by John Tavares.
2:56 of 1st overtime period - Stopped by Semyon Varlamov without a rebound.
2:57 of 1st overtime period - Jason Blake wins face-off versus John Tavares in Panthers zone.
2:59 of 1st overtime period - Icing by Andrew Brunette.
3:00 of 1st overtime period - Jason Blake wins face-off versus John Tavares in Panthers zone.
3:05 of 1st overtime period - Jason Blake is hit by John Tavares and loses puck.
3:20 of 1st overtime period - Shot by Jamie Benn.
3:20 of 1st overtime period - Stopped by Semyon Varlamov without a rebound.
3:21 of 1st overtime period - Jason Spezza wins face-off versus Chris Drury in Panthers zone.
3:24 of 1st overtime period - Shot by Jason Spezza.
3:24 of 1st overtime period - Shot Misses the Net.
3:31 of 1st overtime period - Off-side.
3:32 of 1st overtime period - John Tavares wins face-off versus Jason Blake in neutral zone.

ShootOut

ShootOut - Penalty Shot by Sidney Crosby for Senators.
ShootOut - Stopped by Semyon Varlamov.
ShootOut - Penalty Shot by Chris Drury for Panthers.
ShootOut - Stopped by Carey Price.
ShootOut - Penalty Shot by John Tavares for Senators.
ShootOut - Goal by John Tavares.
ShootOut - Penalty Shot by Jason Blake for Panthers.
ShootOut - Shot Misses the Net.
ShootOut - Penalty Shot by Jason Spezza for Senators.
ShootOut - Shot Misses the Net.
ShootOut - Penalty Shot by Sergei Shirokov for Panthers.
ShootOut - Stopped by Carey Price.


Output by the SimonT Hockey Simulator (STHS) for Stephane Roy -- Original Page W3C XHTML 1.0 Valid